 Dungeon Crawl Stone Soup version 0.31-a0-636-ge1c0e020e0 (webtiles) character file.

Game seed: 11134246682349871360

10277 bobarctor the Thaumaturge (level 11, -5/68 HPs)
             Began as a Demonspawn Necromancer on Aug 26, 2023.
             Was an Elder of Kikubaaqudgha.
             Slain by Donald
             ... wielding a +0 double sword
              (40 damage)
             ... on level 2 of the Orcish Mines on Aug 27, 2023.
             The game lasted 01:01:12 (11478 turns).

bobarctor the Thaumaturge (Demonspawn Necromancer) Turns: 11478, Time: 01:01:12

Health: -5/68      AC:  5    Str: 15    XL:     11   Next: 34%
Magic:  19/23      EV: 14    Int: 22    God:    Kikubaaqudgha [****..]
Gold:   477        SH:  0    Dex: 14    Spells: 4/26 levels left

rFire   . . .        M - +2 whip (pain)
rCold   . . .        J - orb {mayhem}
rNeg    . . .        L - +0 troll leather armour
rPois   .            (helmet restricted)
rElec   .            (no cloak)
rCorr   .            x - +0 pair of gloves
SInv    .            c - +0 pair of boots
Will    .....        F - amulet of magic regeneration
Stlth   +++          j - +6 ring of strength
HPRegen 1.11/turn    N - ring of wizardry
MPRegen 0.58/turn

%: mayhem, wizardry (x1)
@: animating dead
A: horns 2, spiny 2, big brain 1, demonic magic 2
a: Renounce Religion, Unearth Wretches


You were on level 2 of the Orcish Mines.
You worshipped Kikubaaqudgha.
Kikubaaqudgha was greatly pleased with you.
You visited 3 branches of the dungeon, and saw 13 of its levels.

You collected 777 gold pieces.
You spent 300 gold pieces at shops.

Inventory:

Hand Weapons
 i - a +2 short sword of protection
 q - the +11 Singing Sword {sonic wave}
   (You found it on level 5 of the Dungeon)
 B - a +5 flail of venom
 I - a +4 trident of draining
 M - a +2 whip of pain (weapon)
 V - a +4 sling of draining
 W - a +4 dagger of flaming
 X - a +2 dire flail of venom
Missiles
 n - 7 boomerangs
 w - a curare-tipped dart
 H - 35 poisoned darts
 K - 5 darts of dispersal
Armour
 c - a +0 pair of boots (worn)
 d - a +1 robe of willpower
 x - a +0 pair of gloves (worn)
 A - a +2 leather armour of fire resistance
 J - an orb of mayhem (worn)
 L - a +0 troll leather armour (worn)
 O - a +0 ring mail of poison resistance
Magical Staves
 S - a staff of death
Jewellery
 j - a +6 ring of strength (left hand)
 D - a ring of positive energy
 F - an amulet of magic regeneration (around neck)
 N - a ring of wizardry (right hand)
Wands
 a - a wand of flame (18)
 e - a wand of polymorph (7)
 u - a wand of mindburst (24)
 Q - a wand of iceblast (11)
Scrolls
 f - 8 scrolls of teleportation
 h - 5 scrolls of immolation {unknown}
 o - 2 scrolls of summoning {unknown}
 p - a scroll of noise {unknown}
 r - 3 scrolls of fog {unknown}
 v - a scroll of enchant armour {unknown}
 y - 2 scrolls of revelation {unknown}
 z - a scroll of blinking {unknown}
 G - a scroll of amnesia {unknown}
 P - 2 scrolls of identify
 R - a scroll of poison {unknown}
 T - a scroll of fear {unknown}
Potions
 b - a potion of magic
 g - 2 potions of haste
 k - a potion of invisibility
 l - 4 potions of curing
 m - 2 potions of heal wounds
 s - 2 potions of berserk rage
 t - 2 potions of enlightenment
 C - a potion of brilliance
 E - a potion of ambrosia
 U - a potion of lignification


   Skills:
 + Level 5.9 Dodging
 + Level 6.1 Stealth
 * Level 8.1 Spellcasting
 + Level 6.2 Conjurations
 + Level 7.8 Necromancy
 + Level 2.8 Ice Magic
 + Level 5.6 Air Magic
 + Level 2.8 Earth Magic
 + Level 6.2 Poison Magic


You had 4 spell levels left.
You knew the following spells:

 Your Spells              Type           Power      Damage    Failure   Level
a - Necrotise             Necr           100%       1d9       1%          1
b - Vampiric Draining     Necr           43%        2d9       1%          3
c - Mephitic Cloud        Conj/Pois/Air  35%        N/A       1%          3
d - Animate Dead          Necr           43%        N/A       1%          4
e - Stone Arrow           Conj/Erth      58%        3d10      1%          3
f - Freezing Cloud        Conj/Ice/Air   15%        6-21      13%         5
g - Frozen Ramparts       Ice            42%        1d7       3%          3

Your spell library contained the following spells:

 Spells                   Type           Power      Damage    Failure   Level
 Kiss of Death            Conj/Necr      100%       2d13      1%          1
 Sandblast                Erth           42%        2d11      1%          1
 Cigotuvi's Dreadful Rot  Necr/Pois/Air  74%        N/A       1%          2
 Poisonous Vapours        Pois/Air       70%        N/A       1%          2
 Dispel Undead            Necr           43%        3d17      1%          4
 Summon Small Mammal      Summ           32%        N/A       3%          1
 Passwall                 Tmut/Erth      12%        N/A       3%          2
 Anguish                  Hex/Necr       13%        N/A       8%          4
 Iskenderun's Mystic Bla  Conj/Tloc      22%        2d6       10%         4
 Call Canine Familiar     Summ           8%         N/A       11%         3
 Portal Projectile        Hex/Tloc       16%        N/A       11%         3
 Summon Guardian Golem    Hex/Summ       8%         N/A       11%         3
 Tukima's Dance           Hex            8%         N/A       11%         3
 Petrify                  Tmut/Erth      15%        N/A       21%         4
 Agony                    Necr           43%        N/A       4%          5
 Iskenderun's Battlesphe  Conj           36%        2d9       8%          5
 Borgnjor's Vile Clutch   Necr/Erth      16%        N/A       12%         5
 Metabolic Englaciation   Hex/Ice        7%         N/A       45%         5
 Leda's Unmaking          Conj/Erth      14%        9d3       61%         6
 Spellforged Servitor     Conj/Summ      11%        N/A       100%        7


Dungeon Overview and Level Annotations

Branches:
Dungeon (10/15)            Temple (1/1) D:7             Orc (2/2) D:10
   Lair: D:8-11         Elf: Orc:2

Altars:
Ashenzari
Cheibriados
Dithmenos
Fedhas
Gozag
Hepliaklqana
Kikubaaqudgha
Makhleb
Nemelex Xobeh
Okawaru
Qazlal
Ru
Sif Muna
Trog
Uskayaw
Vehumet
Wu Jian
Xom
Yredelemnul

Shops:
D:4 *   D:7 =

Portals:
Abyss: Orc:1

Annotations:
Orc:1 2 transporters, Jyleaxt's ghost, journeyman AtFi
Orc:2 Donald


Innate Abilities, Weirdness & Mutations

You have a pair of horns on your head.
You are mostly covered in sharp spines.
You have an unusually large brain. (Int +2)
Spells you cast may paralyse nearby enemies.


Message History

Aiming: Necrotise (safe; 1% risk of failure)
Press: ? - help, Shift-Dir - straight line, f - Donald
Aim: Donald, wielding a +0 double sword, wearing a +4 chain mail of poison resistance and wearing a +0 kite shield of reflection (fast, strong, reflecting blocked projectiles, chance to affect: 20%) Donald writhes in agony!
Malevolent energies surge around you.
Donald says, "These orcs are so stupid, they must've eaten the rune."
Casting: Necrotise (safe; 1% risk of failure)
Confirm with . or Enter, or press ? or * to list all spells.
Aiming: Necrotise (safe; 1% risk of failure)
Press: ? - help, Shift-Dir - straight line, f/p - Donald
Aim: Donald, wielding a +0 double sword, wearing a +4 chain mail of poison resistance and wearing a +0 kite shield of reflection (lightly wounded, fast, strong, reflecting blocked projectiles, chance to affect: 20%) Donald resists with almost no effort.
Malevolent energies surge around you.
Unknown command.
Casting: Necrotise (safe; 1% risk of failure)
Confirm with . or Enter, or press ? or * to list all spells.
Aiming: Necrotise (safe; 1% risk of failure)
Press: ? - help, Shift-Dir - straight line, f/p - Donald
Aim: Donald, wielding a +0 double sword, wearing a +4 chain mail of poison resistance and wearing a +0 kite shield of reflection (lightly wounded, fast, strong, reflecting blocked projectiles, chance to affect: 20%) Donald writhes in agony.
Malevolent energies surge around you.
Donald says, "Sorry, didn't catch that.
You worship who?
How do you spell it?"
Donald says, "Why is it so dark?
Have they never heard of torches?"
Donald is struck by your spines.
Donald hits you with a +0 double sword!!
Donald blocks your attack.
Donald is lightly wounded.
Donald is struck by your spines.
Donald hits you with a +0 double sword!!
Donald says, "Like I always say, the jar is half empty."
Donald barely misses you.
Casting: Necrotise (safe; 1% risk of failure)
Confirm with . or Enter, or press ? or * to list all spells.
Aiming: Vampiric Draining (safe; 1% risk of failure)
Press: ? - help, Shift-Dir - straight line, f/p - Donald
Aim: Donald, wielding a +0 double sword, wearing a +4 chain mail of poison resistance and wearing a +0 kite shield of reflection (lightly wounded, fast, strong, reflecting blocked projectiles)
You draw life force from Donald!
You feel life coursing into your body! Malevolent energies surge around you.
Donald hits you with a +0 double sword!!!
Ouch! That really hurt!
You die...
Donald says, "I won.
I... don't hate that."
Kikubaaqudgha rasps: "You have failed me!
Welcome... death!"

##.........
.......... ###
#........o
#.###.........
###...........oo
##.........#
#..........#
#........#.#
##@@.o...###
#.........#
##...........#
###.........#
#...........
##.#........
###........
##.......


You could see Donald (fast, strong, reflecting) and an orc.

Vanquished Creatures
  2 two-headed ogres
  Jeremiah (D:7)
  5 trolls
  Grinder (D:5)
  A hornet (D:7)
  A shadow (D:10)
  2 wyverns
  5 yaks
  A steam dragon (D:9)
  Edmund (D:5)
  An acid dragon (D:10)
  Duvessa (D:5)
  2 water moccasins
  A sky beast (D:5)
  10 orc warriors
  An ogre (Orc:1)
  4 centaurs
  2 phantoms
  4 kobold brigands
  2 bullfrogs
  A gnoll sergeant (D:9)
  6 scorpions
  2 wights (D:7)
  Dowan (D:5)
  2 troll zombies (D:10)
  3 killer bees
  3 howler monkeys
  2 hounds
  6 orc priests
  6 jellies
  2 iguanas
  15 orc wizards
  6 ogre zombies (D:10)
  8 gnolls
  3 adders
  2 shadow imps
  A white imp (D:7)
  5 dart slugs
  25 orcs
  3 ball pythons
  4 bats
  12 endoplasms
  A giant cockroach (D:1)
  5 goblins
  3 hobgoblins
  5 quokkas
  3 frilled lizards
  3 goblin zombies (D:10)
  A hobgoblin skeleton (D:10)
  2 hobgoblin zombies (D:10)
  36 kobolds
  4 orc skeletons (D:10)
  19 orc zombies
  8 rats
256 creatures vanquished.

Vanquished Creatures (collateral kills)
  Joseph (D:8)
  A kobold demonologist (D:10)
  A yak (D:10)
  Menkaure (D:7)
  A water moccasin (D:8)
  An orc warrior (Orc:1)
  An ogre (D:7)
  A phantom (D:5)
  A centaur (D:9)
  3 wights (D:7)
  3 killer bees
  An orc priest (D:10)
  An iguana (D:5)
  An orc wizard (D:10)
  A killer bee zombie (D:7)
  8 orcs
  2 kobolds
  A ball python (D:1)
  2 kobold zombies (D:10)
  4 orc zombies
36 creatures vanquished.

Vanquished Creatures (others)
  A centaur (D:5)
  2 wyvern zombies
  A killer bee (D:7)
  2 orc wizards
  2 killer bee zombies (D:7)
  A gnoll zombie (D:6)
  A kobold (D:10)
  A kobold zombie (D:10)
  6 orc zombies
17 creatures vanquished.

Grand Total: 309 creatures vanquished

Notes
Turn   | Place    | Note
-------+----------+-------------------------------------------
     0 | D:1      | bobarctor the Demonspawn Necromancer began the quest for
                  | the Orb.
     0 | D:1      | Reached XP level 1. HP: 13/13 MP: 3/3
   237 | D:1      | Gained mutation: Spells you cast may paralyse adjacent
                  | enemies. [demonic ancestry]
   237 | D:1      | Reached XP level 2. HP: 19/19 MP: 0/5
   763 | D:1      | Gained mutation: You have an unusually large brain. (Int
                  | +2) [demonic ancestry]
   763 | D:1      | Reached XP level 3. HP: 20/24 MP: 0/6
  1393 | D:1      | Learned a level 3 spell: Vampiric Draining
  1494 | D:2      | Found an ancient bone altar of Kikubaaqudgha.
  1504 | D:2      | Became a worshipper of Kikubaaqudgha
  1509 | D:2      | Learned a level 3 spell: Mephitic Cloud
  1896 | D:2      | Gained mutation: You are partially covered in sharp spines.
                  | [demonic ancestry]
  1896 | D:2      | Reached XP level 4. HP: 17/30 MP: 0/8
  2387 | D:2      | Reached skill level 3 in Spellcasting
  2387 | D:2      | Reached skill level 1 in Poison Magic
  2647 | D:3      | Found a faded altar of an unknown god.
  3107 | D:4      | Reached skill level 1 in Conjurations
  3107 | D:4      | Reached skill level 1 in Air Magic
  3107 | D:4      | Reached XP level 5. HP: 35/35 MP: 4/9
  3188 | D:4      | Reached * piety under Kikubaaqudgha
  3188 | D:4      | Received a gift from Kikubaaqudgha
  3238 | D:4      | Found Zavodo Pith's Overcharged Wands.
  3358 | D:4      | Gained mutation: You have a pair of small horns on your
                  | head. [demonic ancestry]
  3358 | D:4      | Reached XP level 6. HP: 40/41 MP: 5/11
  3513 | D:4      | Reached skill level 5 in Necromancy
  3814 | D:5      | Entered Level 5 of the Dungeon
  3814 | D:5      | Noticed Grinder
  3904 | D:5      | Learned a level 4 spell: Animate Dead
  4044 | D:5      | Noticed Dowan
  4046 | D:5      | Noticed Duvessa
  4051 | D:5      | Killed Dowan
  4183 | D:5      | Killed Duvessa
  4184 | D:5      | Gained mutation: Spells you cast may paralyse nearby
                  | enemies. [demonic ancestry]
  4184 | D:5      | Reached XP level 7. HP: 35/46 MP: 1/12
  4487 | D:5      | Killed Grinder
  4488 | D:5      | Reached skill level 4 in Spellcasting
  4663 | D:5      | Found the +11 Singing Sword {sonic wave}
  4672 | D:5      | Noticed Edmund
  4707 | D:5      | Killed Edmund
  4708 | D:5      | Reached XP level 8. HP: 37/52 MP: 0/14
  4859 | D:5      | Learned a level 3 spell: Stone Arrow
  5575 | D:6      | Reached skill level 5 in Spellcasting
  5771 | D:6      | Found a hazy altar of Hepliaklqana.
  5771 | D:6      | Found a bloodstained altar of Trog.
  5932 | D:7      | Reached ** piety under Kikubaaqudgha
  6031 | D:7      | Noticed a hornet
  6039 | D:7      | Killed a hornet
  6040 | D:7      | Gained mutation: You have a pair of horns on your head.
                  | [demonic ancestry]
  6040 | D:7      | Reached XP level 9. HP: 34/57 MP: 9/17
  6150 | D:7      | Found Wailet's Jewellery Boutique.
  6157 | D:7      | Found a staircase to the Ecumenical Temple.
  6158 | D:7      | Noticed Jeremiah
  6173 | D:7      | Killed Jeremiah
  6191 | Temple   | Entered the Ecumenical Temple
  6668 | D:7      | Noticed Menkaure
  6715 | D:7      | Reached skill level 6 in Spellcasting
  6819 | D:7      | Killed Menkaure
  6950 | D:7      | You fall into a shaft and drop 2 floors!
  7145 | D:9      | Noticed a troll
  7149 | D:9      | Noticed a troll
  7152 | D:9      | Killed a troll
  7153 | D:9      | Reached skill level 5 in Stealth
  7153 | D:9      | Reached skill level 5 in Conjurations
  7153 | D:9      | Reached skill level 5 in Poison Magic
  7157 | D:9      | Killed a troll
  7303 | D:9      | Gained mutation: You are mostly covered in sharp spines.
                  | [demonic ancestry]
  7303 | D:9      | Reached XP level 10. HP: 63/63 MP: 15/20
  7792 | D:7      | Bought a ring of wizardry for 300 gold pieces
  7800 | D:7      | Learned a level 5 spell: Freezing Cloud
  7871 | D:8      | Learned a level 3 spell: Frozen Ramparts
  7884 | D:8      | Reached skill level 5 in Dodging
  7963 | D:8      | Reached *** piety under Kikubaaqudgha
  7963 | D:8      | Received a gift from Kikubaaqudgha
  8180 | D:8      | Noticed Joseph
  8197 | D:8      | Killed Joseph
  8293 | D:8      | Noticed a two-headed ogre
  8304 | D:8      | Killed a two-headed ogre
  8305 | D:8      | Reached skill level 7 in Spellcasting
  8305 | D:8      | Reached skill level 1 in Ice Magic
  8305 | D:8      | Reached skill level 1 in Earth Magic
  8382 | D:8      | Reached skill level 5 in Air Magic
  9425 | D:10     | Entered Level 10 of the Dungeon
  9442 | D:10     | Noticed a two-headed ogre
  9453 | D:10     | Killed a two-headed ogre
  9658 | D:10     | Found a staircase to the Orcish Mines.
  9795 | D:10     | Reached **** piety under Kikubaaqudgha
  9856 | D:10     | Reached XP level 11. HP: 68/68 MP: 7/22
 10181 | D:10     | Found a sacrificial altar of Ru.
 10827 | Orc:1    | Entered Level 1 of the Orcish Mines
 11053 | Orc:1    | Noticed a white ugly thing
 11053 | Orc:1    | Noticed a rakshasa
 11066 | Orc:1    | Found a transporter.
 11070 | Orc:1    | Noticed an orc warlord
 11118 | Orc:1    | Reached skill level 8 in Spellcasting
 11166 | Orc:1    | Found a transporter.
 11256 | Orc:1    | Found a one-way gate to the infinite horrors of the Abyss.
 11256 | Orc:1    | Noticed Jyleaxt's ghost (journeyman AtFi)
 11324 | Orc:1    | Noticed a hell hog
 11457 | Orc:2    | Entered Level 2 of the Orcish Mines
 11464 | Orc:2    | Noticed Donald
 11478 | Orc:2    | Slain by Donald

Illustrated notes

Levels and vault maps discovered:
D:1:      dpeg_arrival_chambers_temple_mockup, layout_basic, st_stairs_1
D:2:      cheibrodos_fertilizer, layout_rooms, basic_altar, kennysheep_donut
D:3:      layout_basic, ebering_ecumenical_altar_mist
D:4:      layout_cave_pools, nicolae_shop_overcharged_wands
D:5:      layout_basic, uniq_duvessa, uniq_edmund, uniq_grinder
D:6:      layout_basic, gammafunk_temple_overflow_elements,
          chequers_serial_rivers_micro_a
D:7:      layout_basic, tso_metal_star, minmay_temple_entry_hall, serial_glass,
          glass_columns_a, glass_columns_a, glass_columns_b, serial_shops, shop,
          nicolae_concentric_dashed_squares_wild, uniq_jeremiah, uniq_menkaure
D:8:      layout_basic, ebering_dispersal_statue_hall, uniq_joseph
D:9:      minmay_skewed_foursquare, layout_basic
D:10:     layout_loops_corners, mainiacjoe_overflow_alcove_1, zombieorc2_lemuel,
          minivault_19
Temple:   regret_index_temple_mists
Orc:1:    layout_caves, gammafunk_ghost_abyssal_escape
Orc:2:    st_orc_pillars, layout_diamond_mine, serial_shops,
          nicolae_shop_pleasant_corner_grove, uniq_donald, uniq_sonja,
          uniq_erolcha

Skill      XL: |  1  2  3  4  5  6  7  8  9 10 11 |
---------------+----------------------------------+-----
Stealth        | 2 3 4 5 6 |  6.1
Dodging        | 2 3 4 5 |  5.9
Spellcasting   | 3 4 5 6 7 8 |  8.1
Poison Magic   | 1 2 3 4 5 6 |  6.2
Conjurations   | 1 2 3 4 5 6 |  6.2
Air Magic      | 1 2 3 4 5 |  5.6
Necromancy     | 5 6 7 |  7.8
Ice Magic      | 2 |  2.8
Earth Magic    | 2 |  2.8

Action                     |  1- 3 |  4- 6 |  7- 9 | 10-12 || total
---------------------------+-------+-------+-------+-------++-------
  Melee: Short sword       |     2 |       |       |       ||     2
         Dagger            |     6 |    35 |    22 |       ||    63
         Punch             |       |     1 |     2 |       ||     3
         Headbutt          |       |     7 |    11 |    47 ||    65
         Double sword      |       |       |     4 |       ||     4
         Flail             |       |       |    84 |     6 ||    90
         Whip              |       |       |       |   195 ||   195
   Cast: Necrotise         |    76 |    63 |    24 |    14 ||   177
         Vampiric Draining |     2 |     3 |    23 |    20 ||    48
         Mephitic Cloud    |       |     3 |     1 |     6 ||    10
         Animate Dead      |       |     1 |     6 |     9 ||    16
         Stone Arrow       |       |       |     8 |    38 ||    46
         Frozen Ramparts   |       |       |       |    11 ||    11
 Invoke: Unearth Wretches  |       |       |     1 |       ||     1
  Evoke: Wand              |       |       |     3 |       ||     3
    Use: Scroll            |       |     7 |     2 |     1 ||    10
   Stab: Paralysed         |     1 |     3 |    14 |    19 ||    37
         Confused          |       |     2 |     1 |     1 ||     4
         Sleeping          |       |       |     3 |     3 ||     6
         Distracted        |       |       |       |     1 ||     1
 Armour: Robe              |     4 |     1 |    22 |       ||    27
         Troll leather arm |       |       |       |    39 ||    39
  Dodge: Dodged            |     4 |     9 |    73 |   132 ||   218

Table legend: (Time is in decaauts)
 A = Elapsed time spent in this place.
 B = Non-inter-level travel time spent in this place.
 C = Inter-level travel time spent in this place.
 D = Time resting spent in this place.
 E = Time spent auto-exploring this place.
 F = Levels seen in this place.
 G = Mean time per level.
                   A        B        C        D        E       F      G
               +--------+--------+--------+--------+--------+-----+--------+
         Total |  11577 |  11004 |    573 |   1324 |   7129 |  13 |  890.5 |
       Dungeon |  10792 |  10245 |    547 |   1279 |   6750 |  10 | 1079.2 |
        Temple |    131 |    112 |     19 |      0 |      0 |   1 |  131.0 |
  Orcish Mines |    654 |    647 |      7 |     45 |    379 |   2 |  327.0 |
               +--------+--------+--------+--------+--------+-----+--------+

Top non-repeatable levels by time:
    D:10: 1409 daAuts
     D:1: 1392 daAuts
     D:7: 1235 daAuts
     D:5: 1199 daAuts
     D:9: 1111 daAuts
     D:2: 1109 daAuts
     D:6: 928 daAuts
     D:8: 925 daAuts
     D:4: 835 daAuts
     D:3: 643 daAuts
   Orc:1: 633 daAuts
  Temple: 131 daAuts
   Orc:2: 20 daAuts
